 Dungeon Crawl Stone Soup version 0.23.2-1-ga50397a6bc (webtiles) character file.

Game seed: 15558661954735807248

8516 Lennu the Carver (level 11, -6/86 HPs)
             Began as a Demonspawn Berserker on Apr 27, 2019.
             Was an Elder of Trog.
             Succumbed to Sonja's poison
             ... on level 11 of the Dungeon.
             The game lasted 00:27:52 (11070 turns).

Lennu the Carver (Demonspawn Berserker)            Turns: 11070, Time: 00:27:53

Health: -6/86      AC: 31    Str: 21 (22) XL:     11   Next: 10%
Magic:  11/11      EV: 12    Int:  8      God:    Trog [****..]
Gold:   189        SH:  0    Dex: 12 (14) Spells: 10/10 levels left

rFire    . . .     SeeInvis .   y - +3 great sword (protect)
rCold    + . .     Gourm    .   (shield currently unavailable)
rNeg     . . .     Faith    .   o - +8 scale mail of the Abyss {Regen+}
rPois    .         Spirit   +   v - +0 helmet
rElec    .         Reflect  .   g - +1 cloak
rCorr    .         Harm     .   f - +1 pair of gloves
MR       ++...                  (no boots)
Stlth    ..........             x - amulet of magic regeneration
HPRegen  2.04/turn              k - ring of protection from cold
MPRegen  0.37/turn              (no ring)

@: lethally poisoned (-6 -> -86), sanguine armour, berserk cooldown,
regenerating
A: talons 2, deterioration 1, regeneration 1, strong 1, magic shield, MP-powered
wands, sanguine armour 2
a: Berserk, Trog's Hand, Brothers in Arms, Renounce Religion


You were on level 11 of the Dungeon.
You worshipped Trog.
Trog was greatly pleased with you.
You were very hungry.

You visited 2 branches of the dungeon, and saw 12 of its levels.

You collected 682 gold pieces.
You spent 493 gold pieces at shops.

Inventory:

Hand Weapons
 y - a +3 great sword of protection (weapon)
Armour
 f - a +1 pair of gloves (worn)
 g - a +1 cloak (worn)
 n - a scarf of spirit shield
 o - the +8 scale mail of the Abyss (worn) {Regen+}
   (You found it on level 8 of the Dungeon)

   It increases your rate of regeneration.
 v - a +0 helmet (worn)
Jewellery
 k - a ring of protection from cold (left hand)
 m - an uncursed ring of protection from magic
 u - an uncursed amulet of guardian spirit
 x - an amulet of magic regeneration (around neck)
Wands
 i - a wand of iceblast (14)
 t - a wand of flame (19)
 w - a wand of paralysis (9)
 A - a wand of digging (6)
 B - a wand of random effects (16)
 D - a wand of polymorph (6)
Scrolls
 e - 3 scrolls of teleportation
 p - 2 scrolls of enchant weapon
 q - 2 scrolls of remove curse
 r - 3 scrolls of magic mapping
Potions
 b - a potion of magic
 d - 2 potions of lignification
 h - 3 potions of agility
 j - 2 potions of flight
 l - a potion of brilliance
 s - 6 potions of might
Comestibles
 c - 30 rations
 z - a chunk of flesh


   Skills:
 * Level 7.9 Fighting
 * Level 11.2 Long Blades
 * Level 7.9 Armour
 * Level 5.5 Dodging


You had 10 spell levels left.
You didn't know any spells.
Your spell library was empty.

Dungeon Overview and Level Annotations

Branches:
Dungeon (11/15)            Temple (0/1) D:5             Orc (1/2) D:9
   Lair: D:8-11

Altars:
Ashenzari
Dithmenos
Fedhas
Gozag
Kikubaaqudgha
Qazlal
Ru
Sif Muna
Uskayaw
Vehumet
Xom
Zin
The Shining One

Shops:
D:7 (   D:8 !?[

Annotations:
D:11 Sonja


Innate Abilities, Weirdness & Mutations

You have razor-sharp toenails.
When hurt, damage is shared between your health and your magic reserves.
When seriously injured, your bleeding wounds create thick armour. (AC +9)
Your body sometimes deteriorates upon taking damage.
Your natural rate of healing is unusually fast.
Your muscles are strong. (Str +2)
You expend magic power (3 MP) to strengthen your wands.


Message History

Okay, then.
Okay, then.
Okay, then.
As you read the scroll of teleportation, it crumbles to dust.
You feel strangely unstable.
* * * LOW HITPOINT WARNING * * *
You feel extremely sick.
* * * LOW HITPOINT WARNING * * *
You feel extremely sick.
Your skin crawls.
You feel resistant to hostile enchantments.
You feel quite a bit more hungry. Trog will no longer gift you weapons.
Your surroundings suddenly seem different.
* * * LOW HITPOINT WARNING * * *
Your body deteriorates!
You feel clumsy.
You feel extremely sick.
An adder comes into view.
The adder hisses angrily.
You die...

... ...
#.# #.#
#.# #.#
#.# #.#
#@# #...#
.......
#......S##
#.####.##
. #. ##


You could see an adder.

Vanquished Creatures
  A two-headed ogre (Orc:1)
  Pikel (D:7)
  An ugly thing (D:9)
  Joseph (D:7)
  Psyche (D:10)
  3 trolls
  2 hippogriffs
  A vampire (D:10)
  6 yaks
  A hungry ghost (D:5)
  Edmund (D:5)
  A soldier ant (D:8)
  A black bear (D:10)
  6 ogres
  2 orc warriors
  3 sky beasts
  An eye of draining (D:9)
  4 centaurs
  A big kobold (D:9)
  5 bullfrogs
  2 scorpions
  9 killer bees
  4 wights (D:10)
  6 crimson imps
  A bullfrog zombie (D:5)
  5 howler monkeys
  2 orc priests
  3 hounds
  2 jellies
  7 orc wizards
  Jessica (D:2)
  A centaur skeleton (D:7)
  4 iguanas
  7 worker ants
  2 hound skeletons
  2 worker ant zombies (D:8)
  2 gnolls (D:7)
  A howler monkey skeleton (D:4)
  13 adders
  4 shadow imps
  An ooze (D:3)
  2 adder skeletons
  An adder zombie (D:8)
  2 worms (D:3)
  2 dart slugs
  6 leopard geckos
  36 orcs
  7 bats
  4 giant cockroaches
  8 goblins
  3 hobgoblins
  13 jackals
  9 kobolds
  3 quokkas
  A ball python (D:8)
  A ball python skeleton (D:4)
  6 frilled lizards
  3 jackal skeletons
  2 leopard gecko skeletons (D:5)
  A quokka zombie (D:7)
  7 rats
239 creatures vanquished.

Vanquished Creatures (others)
  A gnoll (D:7)
1 creature vanquished.

Grand Total: 240 creatures vanquished

Notes
Turn   | Place    | Note
-------+----------+-------------------------------------------
     0 | D:1      | Lennu the Demonspawn Berserker began the quest for the Orb.
     0 | D:1      | Reached XP level 1. HP: 18/18 MP: 1/1
   675 | D:1      | Gained mutation: You have sharp toenails. [demonic
                  | ancestry]
   675 | D:1      | Reached XP level 2. HP: 24/24 MP: 2/2
  1086 | D:2      | Found a stormy altar of Qazlal.
  1086 | D:2      | Found a shadowy altar of Dithmenos.
  1087 | D:2      | Found a blossoming altar of Fedhas.
  1097 | D:2      | Reached skill level 3 in Long Blades
  1433 | D:2      | Gained mutation: When seriously injured, your bleeding
                  | wounds create armour. (AC +9) [demonic ancestry]
  1433 | D:2      | Reached XP level 3. HP: 29/29 MP: 3/3
  1688 | D:2      | Noticed Jessica
  1694 | D:2      | Killed Jessica
  1828 | D:2      | Reached XP level 4. HP: 36/36 MP: 4/4
  1919 | D:2      | Reached ** piety under Trog
  2994 | D:3      | Reached skill level 4 in Long Blades
  2994 | D:3      | Gained mutation: You have razor-sharp toenails. [demonic
                  | ancestry]
  2994 | D:3      | Reached XP level 5. HP: 12/42 MP: 5/5
  3170 | D:3      | Gained mutation: You are robust. (+10% HP) [potion of
                  | mutation]
  3170 | D:3      | Gained mutation: Your skin changes colour to match your
                  | surroundings (Stealth+). [potion of mutation]
  3278 | D:3      | Found a glowing golden altar of the Shining One.
  3876 | D:4      | Gained mutation: When seriously injured, your bleeding
                  | wounds create thick armour. (AC +9) [demonic ancestry]
  3876 | D:4      | Reached XP level 6. HP: 41/52 MP: 6/6
  4185 | D:4      | Found a glowing silver altar of Zin.
  4288 | D:4      | Reached *** piety under Trog
  4575 | D:4      | Reached skill level 5 in Long Blades
  4847 | D:5      | Entered Level 5 of the Dungeon
  4925 | D:5      | Reached XP level 7. HP: 50/60 MP: 7/7
  5012 | D:5      | Noticed Edmund
  5079 | D:5      | Noticed a hungry ghost
  5086 | D:5      | Killed a hungry ghost
  5158 | D:5      | Killed Edmund
  5158 | D:5      | Reached skill level 6 in Long Blades
  5175 | D:5      | Lost mutation: You are robust. (+10% HP) [potion of
                  | mutation]
  5175 | D:5      | Lost mutation: Your skin changes colour to match your
                  | surroundings (Stealth+). [potion of mutation]
  5175 | D:5      | Gained mutation: You expend magic power (3 MP) to
                  | strengthen your wands. [potion of mutation]
  5175 | D:5      | Gained mutation: Your natural rate of healing is unusually
                  | fast. [potion of mutation]
  5175 | D:5      | Gained mutation: Your body sometimes deteriorates upon
                  | taking damage. [potion of mutation]
  5175 | D:5      | Gained mutation: Your muscles are strong. (Str +2) [potion
                  | of mutation]
  5508 | D:5      | Found a staircase to the Ecumenical Temple.
  5595 | D:5      | Reached skill level 5 in Fighting
  5595 | D:5      | Reached XP level 8. HP: 24/62 MP: 8/8
  5919 | D:6      | Reached skill level 7 in Long Blades
  5934 | D:6      | Reached skill level 5 in Armour
  6218 | D:6      | Reached **** piety under Trog
  6468 | D:7      | Reached XP level 9. HP: 69/69 MP: 9/9
  6738 | D:7      | Noticed Joseph
  6750 | D:7      | Killed Joseph
  6750 | D:7      | Reached skill level 8 in Long Blades
  6791 | D:7      | Found an opulent altar of Gozag.
  6792 | D:7      | Found a glowing golden altar of the Shining One.
  6792 | D:7      | Found a shimmering altar of Xom.
  6799 | D:7      | Found a shattered altar of Ashenzari.
  6808 | D:7      | Found Foparrug's Antique Weapon Shoppe.
  6816 | D:7      | Bought a glowing great sword for 313 gold pieces
  7105 | D:7      | Noticed Pikel
  7174 | D:7      | Killed Pikel
  7816 | D:8      | Found Bugaw's Antique Armour Shop.
  7827 | D:8      | Reached skill level 9 in Long Blades
  7859 | D:8      | Got a pitted scale mail
  7890 | D:8      | Identified the +8 scale mail of the Abyss {Regen+} (You
                  | found it on level 8 of the Dungeon)
  8161 | D:8      | Found a radiant altar of Vehumet.
  8161 | D:8      | Found an ancient bone altar of Kikubaaqudgha.
  8164 | D:8      | Found a deep blue altar of Sif Muna.
  8223 | D:8      | Noticed a +0 hand axe
  8224 | D:8      | Found a hide-covered altar of Uskayaw.
  8224 | D:8      | Noticed a +0 hand axe
  8356 | D:8      | Found Emmihow's Distillery.
  8460 | D:8      | Found Jaaduc's Magic Scroll Shop.
  8619 | D:9      | Noticed a troll
  8627 | D:9      | Killed a troll
  8627 | D:9      | Reached XP level 10. HP: 77/79 MP: 8/10
  8684 | D:9      | Found a sacrificial altar of Ru.
  8770 | D:9      | Found a staircase to the Orcish Mines.
  9062 | D:9      | Noticed a red ugly thing
  9076 | D:9      | Killed a red ugly thing
  9204 | D:9      | Reached skill level 5 in Dodging
  9700 | D:8      | Bought a pair of glowing gloves for 180 gold pieces
  9738 | Orc:1    | Entered Level 1 of the Orcish Mines
  9780 | Orc:1    | Reached skill level 10 in Long Blades
  9782 | Orc:1    | Noticed a two-headed ogre
  9791 | Orc:1    | Killed a two-headed ogre
  9867 | D:10     | Entered Level 10 of the Dungeon
 10352 | D:10     | Noticed Psyche
 10370 | D:10     | Killed Psyche
 10370 | D:10     | Reached skill level 11 in Long Blades
 10370 | D:10     | Gained mutation: When hurt, damage is shared between your
                  | health and your magic reserves. [demonic ancestry]
 10370 | D:10     | Reached XP level 11. HP: 86/86 MP: 8/11
 10424 | D:10     | Reached ***** piety under Trog
 10574 | D:10     | Received a gift from Trog
 11049 | D:11     | Noticed Sonja
 11069 | D:11     | HP: 2/86 [poisoned by Sonja]
 11070 | D:11     | Succumbed to Sonja's poison

Skill      XL: |  1  2  3  4  5  6  7  8  9 10 |
---------------+-------------------------------+-----
Long Blades    | 3 4 5 6 7 9 11 | 11.2
Armour         | 2 3 4 5 6 7 |  7.9
Dodging        | 2 3 4 5 |  5.5
Fighting       | 4 5 7 |  7.9

Action                   |  1- 3 |  4- 6 |  7- 9 | 10-12 || total
-------------------------+-------+-------+-------+-------++-------
Melee: Falchion          |    59 |   173 |   210 |       ||   442
       Kick              |    11 |    57 |   113 |    69 ||   250
       Great sword       |       |       |    53 |   162 ||   215
       Unarmed           |       |       |    14 |       ||    14
Invok: Berserk           |     1 |     4 |     8 |     2 ||    15
       Trog's Hand       |       |     3 |     2 |     1 ||     6
  Use: Scroll            |       |     5 |     7 |     2 ||    14
       Potion            |       |     5 |     5 |     4 ||    14
 Stab: Sleeping          |       |     1 |     1 |       ||     2
       Invisible         |       |       |     3 |       ||     3
  Eat: Chunk             |     4 |    14 |    18 |     9 ||    45
       Ration            |       |       |     1 |       ||     1
Armor: Leather armour    |     1 |       |       |       ||     1
       Ring mail         |    16 |    91 |     4 |       ||   111
       Scale mail        |       |       |   104 |   148 ||   252
       Skin              |       |       |     3 |       ||     3
Dodge: Dodged            |    25 |   105 |   187 |   177 ||   494
       Rpst.: Falchion   |     7 |    42 |    35 |       ||    84
       Great sword       |       |       |    14 |    33 ||    47
